AoeStats
← 八二年红塔山

MegaRandom

509119118Analyzed
4v4 RM · 7d ago on Sep 25, 2026· 43m 32s· 8 players
Game mode
Random Map
Map size
Large (8 player)
Population
200
Speed
Normal
Resources
Standard
Victory
Conquest
Starting age
Dark Age
Ending age
Imperial Age
RankedLock teamsTeams togetherTeam positionsShared explorationLock speedFull tech treeHidden civsTurbo modeCheats
Victory
Defeat
🇨🇳 Koreans · China
1154
+34
🇹🇼 Italians · Taiwan
1130
+15
🇹🇼 Vietnamese · Taiwan
1032
+19
🇨🇳 Franks · China
1000
+19
🇵🇪 Koreans · Peru
1146
-19
1126
-18
🇵🇪 Ethiopians · Peru
1081
-16
🇲🇦 Byzantines · Morocco
1028
-14
Fruit
11:38 Feudal Age
16:25 Castle Age
15:06 Double-Bit Axe
15:07 Horse Collar
17:46 Stone Mining
20:43 Stone Shaft Mining
22:18 Fletching
22:44 Padded Archer Armor
24:44 Bodkin Arrow
25:05 Leather Archer Armor
26:54 Forging
27:48 Bow Saw
34:12 Imperial Age
32:04 Scale Mail Armor
33:27 Heavy Plow
33:57 Chain Mail Armor
34:19 Iron Casting
36:20 Capped Ram
38:25 Gold Mining
39:47 Plate Mail Armor
40:19 Blast Furnace
39:09 Arson
39:24 Squires
39:59 Bracer
41:47 Chemistry
minH0W
13:13 Feudal Age
11:28 Loom
21:03 Wheelbarrow
21:20 Town Watch
24:11 Fletching
29:49 Castle Age
28:03 Double-Bit Axe
30:10 Elite Skirmisher
30:46 Pikeman
33:07 Hand Cart
33:30 Horse Collar
37:39 Bodkin Arrow
37:45 Scale Mail Armor
37:55 Forging
38:03 Light Cavalry
38:55 Bloodlines
39:23 Heavy Plow
41:19 Bow Saw
44:40 Imperial Age
会说话的水牛
4:57 Loom
10:30 Feudal Age
21:28 Castle Age
20:29 Double-Bit Axe
22:44 Husbandry
23:29 Scale Barding Armor
25:29 Bow Saw
32:53 Wheelbarrow
35:25 Imperial Age
34:59 Stone Mining
35:00 Gold Mining
37:11 Gold Shaft Mining
36:55 Cavalier
38:16 Forging
41:00 Chain Barding Armor
41:15 Iron Casting
41:37 Paladin
44:18 Plate Barding Armor
44:43 Blast Furnace
八二年红塔山
4:13 Loom
10:00 Feudal Age
11:25 Double-Bit Axe
14:43 Fletching
20:04 Double-Bit Axe
23:02 Castle Age
22:09 Horse Collar
22:20 Gold Mining
23:24 Crossbowman
24:00 Bodkin Arrow
25:43 Bow Saw
25:56 Ballistics
27:25 Wheelbarrow
26:56 Town Watch
27:57 Gold Shaft Mining
28:52 Husbandry
29:16 Stone Mining
30:35 Thumb Ring
37:18 Imperial Age
37:15 Hand Cart
38:09 Bracer
39:10 Chemistry
39:33 Conscription
39:45 Masonry
39:54 Scale Mail Armor
41:16 Heavy Cavalry Archer
How do you turn this on
1:11 Loom
11:33 Feudal Age
12:09 Horse Collar
12:16 Double-Bit Axe
17:32 Town Watch
19:10 Scale Barding Armor
21:06 Fletching
21:20 Padded Archer Armor
26:27 Castle Age
25:44 Bloodlines
28:29 Wheelbarrow
30:44 Forging
30:31 Gold Mining
33:11 Husbandry
33:51 Chain Barding Armor
36:51 Iron Casting
37:46 Stone Mining
39:50 Hand Cart
KingTeOTep
4:13 Loom
11:38 Feudal Age
12:25 Horse Collar
12:59 Double-Bit Axe
21:33 Castle Age
24:43 Wheelbarrow
24:45 Bow Saw
24:59 Heavy Plow
25:18 Stone Mining
29:31 Fletching
33:00 Bodkin Arrow
37:40 Imperial Age
39:44 Treadmill Crane
Wololo
12:15 Feudal Age
15:20 Double-Bit Axe
16:52 Gold Mining
22:00 Castle Age
21:21 Fletching
23:51 Bow Saw
23:33 Horse Collar
25:21 Bodkin Arrow
26:37 Gold Shaft Mining
25:45 Elite Skirmisher
26:45 Padded Archer Armor
30:37 Heavy Plow
32:18 Leather Archer Armor
32:50 Thumb Ring
35:27 Imperial Age
33:29 Squires
35:38 Capped Ram
37:37 Bracer
39:30 Two-Man Saw
38:57 Ballistics
42:11 Chemistry
41:07 Murder Holes
41:02 Siege Ram
41:50 Halberdier
43:40 Ring Archer Armor
acua
5:41 Loom
11:26 Feudal Age
12:09 Double-Bit Axe
16:54 Fletching
22:11 Castle Age
20:46 Gold Mining
21:18 Stone Mining
22:15 Crossbowman
22:54 Bodkin Arrow
23:55 Gold Shaft Mining
27:13 Wheelbarrow
26:23 Town Watch
29:46 Ballistics
29:49 Bow Saw
33:34 Imperial Age
32:28 Stone Shaft Mining
33:17 Eupseong
33:59 Squires
34:45 Bracer
38:27 Chemistry
39:51 Scale Mail Armor
40:02 Forging
Connection lost

Rejoining the realm…

Still unreachable

The connection could not be restored.

Session expired

The server has moved on; the page needs a fresh start.